 Dungeon Crawl Stone Soup version 0.32-a0-630-g46d191b0ed (webtiles) character file.

Game seed: 3241667590672425119

4137 Alarak the Fighter (level 10, -6/86 HPs)
             Began as a Demonspawn Gladiator on Mar 6, 2024.
             Mangled by Erica
             ... wielding a +2 scimitar of flaming
              (10 damage)
             ... on level 8 of the Dungeon.
             The game lasted 00:17:06 (5808 turns).

Alarak the Fighter (Demonspawn Gladiator)           Turns: 5808, Time: 00:17:07

Health: -6/86      AC: 19    Str: 27    XL:     10   Next: 7%
Magic:  10/10      EV:  3    Int:  8    God:
Gold:   384        SH:  5    Dex: 15    Spells: 9/9 levels left

rFire   . . .        H - +7 spear "Nasmouh" {heavy, Str+2}
rCold   . . .        (no shield)
rNeg    . . .        k - +0 plate armour
rPois   .            c - +0 helmet
rElec   .            y - +0 cloak
rCorr   .            (no gloves)
SInv    .            (no boots)
Will    .....        D - amulet of reflection Stlth
                     g - +4 ring of protection
HPRegen 0.34/turn    x - +6 ring of strength
MPRegen 0.12/turn

%: reflection
@: agile, lethally poisoned (-6 -> -12), slowed, constricted, very slow
A: slimy green scales 2, powered by death 1, powered by pain 1, demonic touch 2
a: Convert to Beogh


You were on level 8 of the Dungeon.
You visited 1 branch of the dungeon, and saw 8 of its levels.

You collected 384 gold pieces.

Inventory:

Hand Weapons
 a - a +1 war axe
 z - a +1 vampiric hand axe
 H - the +7 spear "Nasmouh" (weapon) {heavy, Str+2}
   (You found it on level 5 of the Dungeon)

   Str+2:     It affects your strength (+2).
Missiles
 d - 2 throwing nets (quivered)
 e - a javelin
Armour
 b - a +0 leather armour
 c - a +0 helmet (worn)
 k - a +0 plate armour (worn)
 y - a +0 cloak (worn)
 G - a +2 buckler of cold resistance
Magical Staves
 t - a staff of air
Jewellery
 f - a ring of protection from cold
 g - a +4 ring of protection (left hand)
 s - a ring of protection from fire
 x - a +6 ring of strength (right hand)
 D - an amulet of reflection (around neck)
 I - a ring of flight
Wands
 A - a wand of warping (10)
Scrolls
 j - 2 scrolls of fear
 o - a scroll of enchant weapon
 v - a scroll of amnesia
 w - 2 scrolls of poison
 B - 3 scrolls of teleportation
 F - 3 scrolls of blinking
Potions
 h - 2 potions of resistance
 i - 2 potions of heal wounds {unknown}
 l - 2 potions of curing {unknown}
 m - a potion of magic {unknown}
 n - 3 potions of invisibility {unknown}
 p - 3 potions of brilliance {unknown}
 q - 2 potions of might {unknown}
 r - 4 potions of mutation {unknown}
 u - a potion of ambrosia {unknown}
 E - a potion of degeneration {unknown}
 J - a potion of lignification {unknown}


   Skills:
 + Level 10.5 Fighting
 - Level 10.0 Axes
 - Level 1.7 Throwing
 - Level 2.6 Dodging


You had 9 spell levels left.
You didn't know any spells.
Your spell library contained the following spells:

 Spells                   Type           Power      Damage    Failure   Level
 Necrotise                Necr           0%         1d4       100%        1
 Call Imp                 Summ           0%         N/A       100%        2
 Sublimation of Blood     Necr           0%         N/A       100%        2
 Gell's Gravitas          Tloc           0%         N/A       100%        3
 Teleport Other           Tloc           0%         N/A       100%        3
 Vampiric Draining        Necr           0%         2d6       100%        3
 Martyr's Knell           Necr/Summ      0%         N/A       100%        4
 Curse of Agony           Necr           0%         N/A       100%        5
 Dispersal                Tloc           0%         N/A       100%        6
 Summon Hydra             Summ           0%         N/A       100%        7


Dungeon Overview and Level Annotations

Branches:
Dungeon (8/15)             Temple (0/1) D:6
   Lair: D:8-11

Altars:
Gozag
Uskayaw
Vehumet
Yredelemnul

Annotations:
D:8 Erica


Innate Abilities, Weirdness & Mutations

You are mostly covered in slimy green scales. (AC +3)
You regenerate a little health from kills.
You sometimes gain a little power by taking damage.
Your touch may inflict irresistible damage on your foes.


Message History

Reach: H) +7 spear "Nasmouh" {heavy, Str+2}
Press: ? - help, Dir - move target, f - Erica
Aim: Erica, wielding a +2 scimitar of flaming and wearing a ring of resist corrosion (about 33% to evade the +7 spear "Nasmouh")
You reach to attack!
You miss Erica. Erica casts a spell at you. You resist with significant effort.
You hit Erica.
The orc priest shouts, "Beogh offers mercy even to people such as you.
Join us and be reborn!"
You touch Erica!
Erica is lightly wounded.
Erica mumbles some strange words.
Erica flickers and vanishes!
Deactivating autopickup; reactivate with Ctrl-A.
You hear some strange, mumbled words.
A bolt of poison appears from out of thin air!
The bolt of poison hits you!
You are poisoned.
The orc priest looks satisfied for a moment.
Unknown command.
You miss something.
* * * LOW HITPOINT WARNING * * *
You feel extremely sick. Something hits you.
* * * LOW HITPOINT WARNING * * *
Something burns you.
* * * LOW HITPOINT WARNING * * *
Something grabs you.
You are constricted.
You hit something.
* * * LOW HITPOINT WARNING * * *
You feel extremely sick. Something hits you but does no damage.
You are constricted.
You block something's attack.
You are constricted.
* * * LOW HITPOINT WARNING * * *
You impale something!!
* * * LOW HITPOINT WARNING * * *
You feel very sick. Something hits you but does no damage.
You are constricted.
The orc priest looks braver for a moment.
Something hits you!
You die...

######## #.......
#.###### ### #.# # ..#
#.# # #.# #.# # #.# #.#
# ####(############.# #
#...oo{@..........# #
######.##o##############
# ####......##.#
..........##.#
####..)...##.# ###
#.....###.# #.. #.......
#.. #.# #.##.#.#.##. #.#
... ..#.#.# . #.#


You could see an orc priest and 2 orcs.

Vanquished Creatures
  Maurice (D:8)
  Jeremiah (D:8)
  6 yaks (D:8)
  3 steam dragons
  3 water moccasins
  2 orc warriors (D:8)
  2 black bears
  2 ogres
  A centaur (D:6)
  A weeping skull (D:5)
  A kobold brigand (D:6)
  A bullfrog (D:7)
  A scorpion (D:5)
  A wight (D:5)
  2 wyvern zombies (D:5)
  3 howler monkeys
  A bombardier beetle (D:6)
  A bullfrog zombie (D:5)
  A hound (D:6)
  A human zombie (D:5)
  4 orc priests
  A gnoll bouda (D:6)
  5 iguanas
  3 orc wizards
  A hound zombie (D:5)
  4 mummies (D:5)
  7 gnolls
  4 adders
  2 shadow imps
  2 white imps
  5 ufetubi
  An adder zombie (D:5)
  A dart slug (D:1)
  5 ribbon worms
  9 orcs
  8 ball pythons
  9 endoplasms
  13 goblins
  3 hobgoblins (D:4)
  4 jackals
  8 kobolds
  A quokka (D:4)
  4 bats
  2 frilled lizards
  3 rats
144 creatures vanquished.

Notes
Turn   | Place    | Note
-------+----------+-------------------------------------------
     0 | D:1      | Alarak the Demonspawn Gladiator began the quest for the
                  | Orb.
     0 | D:1      | Reached XP level 1. HP: 16/16 MP: 1/1
   176 | D:1      | Gained mutation: You sometimes gain a little power by
                  | taking damage. [demonic ancestry]
   176 | D:1      | Reached XP level 2. HP: 23/23 MP: 2/2
   738 | D:2      | Reached XP level 3. HP: 16/29 MP: 3/3
  1385 | D:3      | Found an opulent altar of Gozag.
  1911 | D:4      | Reached XP level 4. HP: 25/37 MP: 4/4
  1983 | D:4      | Noticed a black bear
  1996 | D:4      | Killed a black bear
  1997 | D:4      | Gained mutation: You are partially covered in slimy green
                  | scales. (AC +2) [demonic ancestry]
  1997 | D:4      | Reached XP level 5. HP: 15/42 MP: 5/5
  2398 | D:4      | Reached skill level 5 in Axes
  2484 | D:5      | Entered Level 5 of the Dungeon
  2562 | D:5      | Gained mutation: Your touch may inflict minor irresistible
                  | damage on your foes. [demonic ancestry]
  2562 | D:5      | Reached XP level 6. HP: 41/48 MP: 6/6
  2885 | D:5      | Gained mutation: You regenerate a little health from kills.
                  | [demonic ancestry]
  2885 | D:5      | Reached XP level 7. HP: 54/54 MP: 7/7
  2903 | D:5      | Found a hide-covered altar of Uskayaw.
  2925 | D:5      | Identified the +7 spear "Nasmouh" {heavy, Str+2}
  3311 | D:5      | Found a basalt altar of Yredelemnul.
  3429 | D:6      | Gained mutation: Your touch may inflict irresistible damage
                  | on your foes. [demonic ancestry]
  3429 | D:6      | Reached XP level 8. HP: 44/60 MP: 8/8
  3782 | D:6      | Reached skill level 10 in Axes
  3985 | D:6      | Found a radiant altar of Vehumet.
  4105 | D:6      | Found a staircase to the Ecumenical Temple.
  4332 | D:7      | Reached skill level 5 in Fighting
  4522 | D:7      | Reached XP level 9. HP: 69/69 MP: 9/9
  5403 | D:8      | Noticed Jeremiah
  5436 | D:8      | Killed Jeremiah
  5552 | D:8      | Noticed Maurice
  5563 | D:8      | Something stole a +2 buckler of cold resistance
  5564 | D:8      | Something stole 360 gold
  5565 | D:8      | Something stole 3 throwing nets
  5576 | D:8      | Killed Maurice
  5738 | D:8      | Reached skill level 10 in Fighting
  5743 | D:8      | Gained mutation: You are mostly covered in slimy green
                  | scales. (AC +3) [demonic ancestry]
  5743 | D:8      | Reached XP level 10. HP: 70/85 MP: 10/10
  5790 | D:8      | Noticed Erica
  5808 | D:8      | HP: 4/86 [poisoned by Erica (bolt of poison)]
  5808 | D:8      | Mangled by Erica

Illustrated notes

Levels and vault maps discovered:
D:1:      wander_arrival_abandoned_jail, layout_basic, solitary_fountain
D:2:      layout_basic, grunt_decor_fettered, dk_vineyard_1, nicolae_wormholes
D:3:      layout_basic, nicolae_gozag_cash_rules_everything_around_me
D:4:      layout_rooms, dk_noncrumbling_4
D:5:      layout_rooms, mainiacjoe_overflow_tiny_flanked,
          lemuel_mausoleum_altar_yredelemnul, mainiacjoe_overflow_boulevard,
          kennysheep_generic_room_14
D:6:      layout_cave_pools, nicolae_overflow_squiral,
          minmay_temple_entry_junction, st_stairs_3
D:7:      layout_loops_ring, enter_bailey_5
D:8:      layout_loops_ring, uniq_erica, uniq_maurice, uniq_jeremiah

Skill      XL: |  1  2  3  4  5  6  7  8  9 |
---------------+----------------------------+-----
Fighting       | 3 4 5 10 | 10.5
Axes           | 3 4 5 6 8 10 | 10.0
Throwing       | |  1.7
Dodging        | |  2.6

Action                     |  1- 3 |  4- 6 |  7- 9 | 10-12 || total
---------------------------+-------+-------+-------+-------++-------
  Melee: War axe           |   102 |    52 |       |       ||   154
         Hand axe          |       |    43 |   136 |       ||   179
         Touch             |       |     7 |    44 |     3 ||    54
         Spear             |       |       |   111 |    13 ||   124
    Use: Scroll            |     7 |       |     3 |       ||    10
 Armour: Leather armour    |    17 |       |       |       ||    17
         Plate armour      |    86 |   128 |   212 |    16 ||   442
  Dodge: Dodged            |    31 |    46 |   121 |     1 ||   199
  Block: Other             |       |       |    17 |     1 ||    18

Table legend: (Time is in decaauts)
 A = Elapsed time spent in this place.
 B = Non-inter-level travel time spent in this place.
 C = Inter-level travel time spent in this place.
 D = Time resting spent in this place.
 E = Time spent auto-exploring this place.
 F = Levels seen in this place.
 G = Mean time per level.
                   A        B        C        D        E       F      G
               +--------+--------+--------+--------+--------+-----+--------+
         Total |   5884 |   5662 |    222 |    976 |   3678 |   8 |  735.5 |
       Dungeon |   5884 |   5662 |    222 |    976 |   3678 |   8 |  735.5 |
               +--------+--------+--------+--------+--------+-----+--------+

Top non-repeatable levels by time:
     D:7: 1053 daAuts
     D:5: 952 daAuts
     D:2: 910 daAuts
     D:6: 780 daAuts
     D:3: 593 daAuts
     D:8: 562 daAuts
     D:4: 541 daAuts
     D:1: 490 daAuts
